 Dungeon Crawl Stone Soup version 0.30-a0-782-ge64f9170bb (webtiles) character file.

Game seed: 15331874303387085789

3 112233 the Grave Robber (level 1, 0/13 HPs)
             Began as a Human Necromancer on Mar 2, 2023.
             Killed from afar by a dart slug (2 damage)
             ... with a slug dart
             ... on level 1 of the Dungeon.
             The game lasted 00:00:39 (137 turns).

112233 the Grave Robber (Human Necromancer)          Turns: 137, Time: 00:00:40

Health: 0/13       AC:  2    Str:  8    XL:     1   Next: 55%
Magic:  0/3        EV: 12    Int: 15    God:
Gold:   0          SH:  0    Dex: 13    Spells: 3/4 levels left

rFire   . . .      SeeInvis .    b - +0 short sword
rCold   . . .      Faith    .    (no shield)
rNeg    . . .      Spirit   .    a - +0 robe
rPois   .          Reflect  .    (no helmet)
rElec   .          Harm     .    (no cloak)
rCorr   .          Rampage  .    (no gloves)
Will    .....                    (no boots)
Stlth   ++                       (no amulet)
HPRegen 0.22/turn                (no ring)
MPRegen 0.08/turn                (no ring)

@: no status effects
A: no striking features
a: no special abilities


You were on level 1 of the Dungeon.
You visited 1 branch of the dungeon, and saw 1 of its levels.

Inventory:

Hand Weapons
 b - a +0 short sword (weapon)
Armour
 a - a +0 robe (worn)


   Skills:
 + Level 2.0 Dodging
 + Level 2.1 Stealth
 + Level 2.0 Spellcasting
 + Level 4.0 Necromancy


You had 3 spell levels left.
You knew the following spells:

 Your Spells              Type           Power      Damage    Failure   Level
a - Necrotise             Necr           52%        1d6       4%          1

Your spell library contained the following spells:

 Spells                   Type           Power      Damage    Failure   Level
 Vampiric Draining        Necr           13%        2d6       13%         3
 Animate Dead             Necr           13%        N/A       38%         4
 Agony                    Necr           13%        N/A       75%         5


Dungeon Overview and Level Annotations

Branches:
Dungeon (1/15)

Altars:


Message History

Unknown command.
Your goblin skeleton hits the dart slug.
The dart slug bites your goblin skeleton.
Things that are here:
a +0 short sword; 2 stones
b - a +0 short sword Your goblin skeleton hits the dart slug but does no damage.
The dart slug launches a dart at you.
The slug dart hits your goblin skeleton.
Your goblin skeleton is destroyed!
b - a +0 short sword (weapon)
You are too injured to fight recklessly!
The dart slug launches a dart at you. The slug dart hits you.
* * * LOW HITPOINT WARNING * * *
The dart slug launches a dart at you. The slug dart misses you.
The dart slug bites you.
* * * LOW HITPOINT WARNING * * *
Unknown command.
The dart slug barely misses you.
You hit the dart slug.
The dart slug is moderately wounded.
The dart slug closely misses you.
Casting: Necrotise (safe; 4% risk of failure)
Confirm with . or Enter, or press ? or * to list all spells.
Aiming: Necrotise (safe; 4% risk of failure)
Press: ? - help, Shift-Dir - straight line, f - dart slug
Aim: a dart slug (moderately wounded, chance to affect: 83%)
The dart slug barely resists.
Unknown command.
You hit the dart slug but do no damage.
The dart slug is moderately wounded.
The dart slug barely misses you.
Unknown command.
You hit the dart slug but do no damage.
The dart slug is moderately wounded.
The dart slug launches a dart at you. The slug dart hits you.
You die...

..............♣♣
♣♣♣...♣♣
#......♣♣♣~♣♣...♣♣♣
##).♣♣♣♣♣♣≈~≈..♣♣♣
##.♣♣♣ ♣♣♣~~≈♣♣♣
#..♣♣ ♣♣~≈≈≈♣♣ ##..♣
♣♣♣♣♣...≈≈≈♣
#..♣♣♣♣♣(....♣...≈≈≈♣
♣♣...♣.....♣♣♣♣...♣≈≈
♣♣♣w@.[♣♣♣♣ ♣.♣♣ ≈
♣♣♣♣♣♣ ♣♣


You could see a dart slug.

Vanquished Creatures
  2 goblins (D:1)
  A kobold (D:1)
  A rat (D:1)
4 creatures vanquished.

Notes
Turn   | Place    | Note
-------+----------+-------------------------------------------
     0 | D:1      | 112233 the Human Necromancer began the quest for the Orb.
     0 | D:1      | Reached XP level 1. HP: 13/13 MP: 3/3
   137 | D:1      | Killed from afar by a dart slug

Illustrated notes

Levels and vault maps discovered:
D:1:      kilobyte_arrival_exit_the_forest, layout_loops_ring,
          minmay_misc_feat_plants

Action                     || total
---------------------------++-------
  Melee: Unarmed           ||     4
         Short sword       ||     3
   Cast: Necrotise         ||     9
    Use: Potion            ||     1
  Dodge: Dodged            ||    12

Table legend: (Time is in decaauts)
 A = Elapsed time spent in this place.
 B = Non-inter-level travel time spent in this place.
 C = Inter-level travel time spent in this place.
 D = Time resting spent in this place.
 E = Time spent auto-exploring this place.
 F = Levels seen in this place.
 G = Mean time per level.
                   A        B        C        D        E       F      G
               +--------+--------+--------+--------+--------+-----+--------+
         Total |    137 |    137 |      0 |      0 |     87 |   1 |  137.0 |
       Dungeon |    137 |    137 |      0 |      0 |     87 |   1 |  137.0 |
               +--------+--------+--------+--------+--------+-----+--------+

Top non-repeatable levels by time:
     D:1: 137 daAuts
